 Dungeon Crawl Stone Soup version 0.30.0 (webtiles) character file.

Game seed: 126920349899285122

268 Dani the Chopper (level 6, 31/47 HPs)
             Began as a Demonspawn Fighter on May 20, 2023.
             Was a Believer of Sif Muna.
             Quit the game on level 3 of the Dungeon.
             The game lasted 00:07:24 (2971 turns).

Dani the Chopper (Demonspawn Fighter)               Turns: 2971, Time: 00:07:24

Health: 31/47      AC: 12    Str: 16    XL:     6   Next: 1%
Magic:  6/6        EV:  8    Int: 11    God:    Sif Muna [**....]
Gold:   36         SH:  4    Dex: 13    Spells: 5/5 levels left

rFire   . . .        a - +2 war axe
rCold   . . .        j - +0 buckler
rNeg    . . .        m - +4 scale mail {rPois}
rPois   +            (helmet restricted)
rElec   .            (no cloak)
rCorr   .            (no gloves)
SInv    .            (no boots)
Will    .....        (no amulet) Stlth
                     (no ring)
HPRegen 0.27/turn    (no ring)
MPRegen 0.20/turn

%: no passive effects
@: no status effects
A: horns 1, thin metallic scales 1, magic regeneration
a: Renounce Religion, Channel Magic


You were on level 3 of the Dungeon.
You worshipped Sif Muna.
Sif Muna was pleased with you.
You visited 1 branch of the dungeon, and saw 3 of its levels.

You collected 36 gold pieces.

Inventory:

Hand Weapons
 a - a +2 war axe (weapon)
Armour
 b - a +0 scale mail
 j - a +0 buckler (worn)
 m - a +4 scale mail of poison resistance (worn)
   (You took it off Terence on level 2 of the Dungeon)
Jewellery
 c - a ring of protection from cold
   (You took it off a kobold on level 2 of the Dungeon)
 g - a +5 ring of evasion
   (You took it off a kobold on level 2 of the Dungeon)
Scrolls
 n - a scroll of poison
 R - 3 scrolls of identify {@r1}
Potions
 d - 2 potions of lignification {unknown}
 h - a potion of haste {unknown}
 o - a potion of mutation {unknown}
 p - a potion of resistance {unknown}
 Q - a potion of curing {@q1}


   Skills:
 - Level 3.0 Fighting
 + Level 5.8 Axes
 - Level 2.6 Armour
 - Level 2.6 Shields


You had 5 spell levels left.
You didn't know any spells.
Your spell library contained the following spells:

 Spells                   Type           Power      Damage    Failure   Level
 Passwall                 Tmut/Erth      0%         N/A       94%         2
 Stone Arrow              Conj/Erth      0%         3d7       99%         3
 Animate Dead             Necr           0%         N/A       100%        4
 Borgnjor's Vile Clutch   Necr/Erth      0%         N/A       100%        5
 Lee's Rapid Deconstruct  Erth           0%         3d4*      100%        5
 Death Channel            Necr           0%         N/A       100%        6


Dungeon Overview and Level Annotations

Branches:
Dungeon (3/15)

Altars:
Fedhas
Sif Muna
Trog
Wu Jian

Shops:
D:1 (

Annotations:
D:2 1 runed translucent door, Crazy Yiuf


Innate Abilities, Weirdness & Mutations

You have a pair of small horns on your head.
You are partially covered in thin metallic scales. (AC +2)
You regenerate magic rapidly.


Message History

The bat completely misses you.
You closely miss the bat. Your headbutt misses the bat.
The bat barely misses you. The bat hits you but does no damage.
A bat is nearby!
You slash the bat!
You kill the bat!
Sif Muna accepts your kill.
You see here a bat corpse.
Key pressed, stopping explore.
No target in view!
Key pressed, stopping explore.
No target in view!
Key pressed, stopping explore.
No target in view!
Key pressed, stopping explore.
No target in view!
Found a stone staircase leading up.
Key pressed, stopping explore.
No target in view!
Key pressed, stopping explore.
No target in view!
No target in view!
Key pressed, stopping explore.
No target in view!
Key pressed, stopping explore.
Key pressed, stopping explore.
Key pressed, stopping explore.
A giant cockroach comes into view.
A giant cockroach is nearby!
A giant cockroach is nearby!
A giant cockroach is nearby!
A giant cockroach is nearby!
The giant cockroach bites you but does no damage.
The giant cockroach barely misses you.
You hit the giant cockroach but do no damage.
The giant cockroach barely misses you.
You hit the giant cockroach. You headbutt the giant cockroach.
You kill the giant cockroach!
Sif Muna accepts your kill.
No target in view!
No target in view!
No target in view!
No target in view!
No target in view!
No target in view!
No target in view!
No target in view!
Key pressed, stopping explore.
There is a stone staircase leading down here.
Found a stone staircase leading down.
Key pressed, stopping explore.
An orc wizard and an orc come into view.
The orc shouts!
An orc comes into view. It is wielding a +0 whip.
There are monsters nearby!
The orc shouts!
You closely miss the orc wizard. You headbutt the orc wizard.
The orc wizard is lightly wounded.
The orc wizard barely misses you. The orc hits you with a +0 flail.
You hit the orc wizard.
The orc wizard is moderately wounded.
You hit the orc but do no damage. You closely miss the orc. The orc misses you.
The orc wizard hits you with a +0 dagger.
You block the orc's attack.
You barely miss the orc wizard. Your headbutt misses the orc wizard.
The orc wizard is moderately wounded.
You hit the orc. x2; The orc closely misses you.
The orc wizard hits you but does no damage.
The orc hits you with a +0 flail.
You closely miss the orc. You headbutt the orc, but do no damage.
The orc is severely wounded.
You barely miss the orc wizard. You slash the orc!
You kill the orc!
Sif Muna accepts your kill. The orc hits you but does no damage.
The orc wizard hits you but does no damage.
The orc hits you but does no damage. The orc wizard casts a spell at you.
The puff of flame hits you.
You hit the orc.
You kill the orc!
Sif Muna accepts your kill.
You hit the orc wizard. The orc wizard closely misses you.
You closely miss the orc wizard. Your headbutt misses the orc wizard.
The orc wizard is heavily wounded.
The orc wizard hits you but does no damage.
You closely miss the orc wizard. Your headbutt misses the orc wizard.
The orc wizard is heavily wounded.
The orc wizard hits you with a +0 dagger.
You hit the orc wizard.
The orc wizard is almost dead.
The orc wizard hits you with a +0 dagger.
You block the orc wizard's attack.
You slash the orc wizard!
You kill the orc wizard!
Sif Muna accepts your kill.
You have reached level 6!
Your demonic ancestry asserts itself...
Thin metallic scales grow over part of your body.
Are you sure you want to abandon this character and quit the game? (Confirm with "yes".)

#........# .
#........# .
#........## .
#.........##....##
##########...##....#
#...###......##....#
#.#..........##....#
#..##.###....##....#
#.)@>###....##....#
##)).........#....##
.....####...........
#.....# #...#.......
#...... #...#####...
#....... #...........
#.........###........
#.......#. #.......#
. #. #........


There were no monsters in sight!

Vanquished Creatures
  An orc priest (D:3)
  Terence (D:2)
  4 orc wizards (D:3)
  4 adders
  2 worms (D:2)
  2 dart slugs
  3 orcs (D:3)
  6 ball pythons
  5 endoplasms
  4 giant cockroaches
  3 goblins (D:2)
  6 hobgoblins
  2 jackals (D:1)
  3 quokkas
  6 bats
  6 frilled lizards
  9 kobolds
  3 rats
70 creatures vanquished.

Notes
Turn   | Place    | Note
-------+----------+-------------------------------------------
     0 | D:1      | Dani the Demonspawn Fighter began the quest for the Orb.
     0 | D:1      | Reached XP level 1. HP: 18/18 MP: 1/1
    23 | D:1      | Got Sif Muna's Catalogue of Talus
   152 | D:1      | Reached skill level 2 in Axes
   192 | D:1      | Gained mutation: You regenerate magic rapidly. [demonic
                  | ancestry]
   192 | D:1      | Reached XP level 2. HP: 24/24 MP: 2/2
   314 | D:1      | Found a faded altar of an unknown god.
   332 | D:1      | Prayed at the altar of an unknown god.
   332 | D:1      | Became a worshipper of Sif Muna the Loreminder
   332 | D:1      | Reached * piety under Sif Muna
   348 | D:1      | Found Cahoi's Weapon Shoppe.
   702 | D:1      | Reached skill level 3 in Axes
  1167 | D:2      | Noticed Terence
  1254 | D:2      | Reached XP level 3. HP: 17/29 MP: 3/3
  1449 | D:2      | Reached ** piety under Sif Muna
  1569 | D:2      | Reached XP level 4. HP: 31/35 MP: 4/4
  1645 | D:2      | Found a blossoming altar of Fedhas.
  1666 | D:2      | Reached skill level 4 in Axes
  1795 | D:2      | Found a runed translucent door.
  1796 | D:2      | Noticed Crazy Yiuf
  1828 | D:2      | Killed Terence
  2154 | D:3      | Found an ornate altar of the Wu Jian Council.
  2163 | D:3      | Found a bloodstained altar of Trog.
  2463 | D:3      | Gained mutation: You have a pair of small horns on your
                  | head. [demonic ancestry]
  2463 | D:3      | Reached XP level 5. HP: 41/41 MP: 5/5
  2467 | D:3      | Reached skill level 5 in Axes
  2971 | D:3      | Gained mutation: You are partially covered in thin metallic
                  | scales. (AC +2) [demonic ancestry]
  2971 | D:3      | Reached XP level 6. HP: 31/47 MP: 6/6
  2971 | D:3      | Quit the game

Illustrated notes

Levels and vault maps discovered:
D:1:      dpeg_arrival_another_circle, layout_basic, serial_shops, shop,
          ebering_ecumenical_altar_mist
D:2:      layout_basic, basic_altar, uniq_crazy_yiuf_cottage, uniq_terence
D:3:      cheibrodos_pilgrimage, layout_basic,
          mainiacjoe_overflow_catwalk_spiral

Skill      XL: |  1  2  3  4  5 |
---------------+----------------+-----
Axes           | 2 3 4 5 |  5.8
Fighting       | |  3.0
Armour         | |  2.6
Shields        | |  2.6

Action                     |  1- 3 |  4- 6 || total
---------------------------+-------+-------++-------
  Melee: War axe           |   132 |    77 ||   209
         Headbutt          |       |     5 ||     5
    Use: Scroll            |     2 |     7 ||     9
         Potion            |       |     1 ||     1
 Armour: Scale mail        |    87 |    42 ||   129
  Dodge: Dodged            |    48 |    28 ||    76
  Block: Buckler           |    45 |    18 ||    63

Levels and vault maps discovered:
D:1:      dpeg_arrival_another_circle, layout_basic, serial_shops, shop,
          ebering_ecumenical_altar_mist
D:2:      layout_basic, basic_altar, uniq_crazy_yiuf_cottage, uniq_terence
D:3:      cheibrodos_pilgrimage, layout_basic,
          mainiacjoe_overflow_catwalk_spiral

Table legend: (Time is in decaauts)
 A = Elapsed time spent in this place.
 B = Non-inter-level travel time spent in this place.
 C = Inter-level travel time spent in this place.
 D = Time resting spent in this place.
 E = Time spent auto-exploring this place.
 F = Levels seen in this place.
 G = Mean time per level.
                   A        B        C        D        E       F      G
               +--------+--------+--------+--------+--------+-----+--------+
         Total |   3046 |   2931 |    115 |     11 |   2276 |   3 | 1015.3 |
       Dungeon |   3046 |   2931 |    115 |     11 |   2276 |   3 | 1015.3 |
               +--------+--------+--------+--------+--------+-----+--------+

Top non-repeatable levels by time:
     D:1: 1248 daAuts
     D:3: 939 daAuts
     D:2: 858 daAuts

Table legend:
 A = Kills in this place as a percentage of kills in the entire game.
 B = Kills by you in this place as a percentage of kills by you in the entire game.
 C = Kills by friends in this place as a percentage of kills by friends in the entire game.
 D = Other kills in this place as a percentage of other kills in the entire game.
 E = Experience gained in this place as a percentage of experience gained in the entire game.
 F = Experience gained in this place divided by the number of levels of this place that you have seen.
                   A       B       C       D       E      F
               +-------+-------+-------+-------+-------+----------------------
         Total | 100.0 | 100.0 |   N/A |   N/A | 100.0 | 128.0
       Dungeon | 100.0 | 100.0 |   N/A |   N/A | 100.0 | 128.0
               +-------+-------+-------+-------+-------+----------------------
